MLB
DETROIT TIGERS @ MINNESOTA TWINS
09/28/2049
 
TOP OF THE 1ST
Detroit Tigers batting - Pitching for Minnesota Twins : LHP Jim Storer
Pitching: LHP Jim Storer
Batting: RHB Sam Saunders 0-0: Ball
1-0: Foul Ball, location: 2F
1-1: Ball
2-1: Ball
3-1: Called Strike
3-2: SINGLE (Flyball, 34D, EV 96.9 MPH)
Batting: RHB Chris Wheatley 0-0: Ball
1-0: Ground out 6-3 (Groundball, 6MS, EV 77.5 MPH)
Sam Saunders to second
Batting: RHB Victor Quinones 0-0: Ball
1-0: SINGLE (Flyball, 89S, EV 92.5 MPH)
Sam Saunders to third
Runner from 3rd tries for Home, SAFE, throw by RF to home
Batting: RHB Dan Friess 0-0: Ball
1-0: Called Strike
1-1: Ball
2-1: SINGLE (Popup, 5D, EV 70.0 MPH)
Victor Quinones to second
Batting: RHB Andres Leon 0-0: Foul Ball, location: 2F
0-1: Called Strike
0-2: Ball
1-2: Ball
2-2: Foul Ball, location: 2F
2-2: Foul Ball, location: 2F
2-2: Foul Ball, location: 2F
2-2: Ball
3-2: Foul Ball, location: 2F
3-2: Base on Balls
Victor Quinones to third
Dan Friess to second
Batting: RHB Brady Jeleniewski 0-0: Called Strike
0-1: Ball
1-1: Fielders Choice at 2nd, 3-6 (Groundball, 34S, EV 83.8 MPH)
Victor Quinones scores
Dan Friess to third
Batting: LHB Bill Ford 0-0: Ball
1-0: Foul Ball, location: 2F
1-1: Swinging Strike
1-2: Ball
2-2: Ball
3-2: SINGLE (Groundball, 34S, EV 86.9 MPH) (infield hit)
Dan Friess scores
Brady Jeleniewski to second
Batting: LHB Dave Carlisle 0-0: Called Strike
0-1: Ball
1-1: Called Strike
1-2: Foul Ball, location: 2F
1-2: Ball
2-2: Foul Ball, location: 2F
2-2: Fly out, F8 (Flyball, 8RD, EV 100.0 MPH)
Top of the 1st over - 3 runs, 4 hits, 0 errors, 2 left on base; Detroit 3 - Minnesota 0
BOTTOM OF THE 1ST
Minnesota Twins batting - Pitching for Detroit Tigers : RHP Aaron Vallejo
Pitching: RHP Aaron Vallejo
Batting: LHB Per Meulengracht 0-0: Bunt for hit to 13 - play at first, batter OUT! 1-3
Batting: RHB Will Leslie 0-0: Ground out 6-3 (Groundball, 6, EV 101.2 MPH)
Batting: RHB Miguel Gonzalez 0-0: Fly out, F8 (Line Drive, 89D, EV 98.1 MPH)
Bottom of the 1st over - 0 runs, 0 hits, 0 errors, 0 left on base; Detroit 3 - Minnesota 0
TOP OF THE 2ND
Detroit Tigers batting - Pitching for Minnesota Twins : LHP Jim Storer
Batting: LHB Frank McConnell 0-0: Bunt for hit to 15 - play at first, batter OUT! 1-3
Batting: RHB Sam Saunders 0-0: Ball
1-0: Ball
2-0: Ground out 5-3 (Groundball, 5L, EV 103.1 MPH)
Batting: RHB Chris Wheatley 0-0: Ball
1-0: Ball
2-0: Called Strike
2-1: Ball
3-1: Fly out, F8 (Line Drive, 8LM, EV 90.6 MPH)
Top of the 2nd over - 0 runs, 0 hits, 0 errors, 0 left on base; Detroit 3 - Minnesota 0
BOTTOM OF THE 2ND
Minnesota Twins batting - Pitching for Detroit Tigers : RHP Aaron Vallejo
Batting: RHB Miguel Diaz 0-0: Ball
1-0: SINGLE (Groundball, 4MD, EV 98.8 MPH)
Batting: LHB Ryan Flynn Jr. 0-0: Called Strike
0-1: Ball
1-1: Swinging Strike
1-2: Ball
2-2: Ball
3-2: Strikes out swinging
Batting: LHB Ricardo Batista 0-0: Ball
1-0: Swinging Strike
1-1: Grounds into double play, 5-4-3 (Groundball, 56, EV 83.8 MPH)
Bottom of the 2nd over - 0 runs, 1 hit, 0 errors, 0 left on base; Detroit 3 - Minnesota 0
TOP OF THE 3RD
Detroit Tigers batting - Pitching for Minnesota Twins : LHP Jim Storer
Batting: RHB Victor Quinones 0-0: Called Strike
0-1: Called Strike
0-2: Ball
1-2: Ground out 5-3 (Groundball, 56, EV 81.9 MPH)
Batting: RHB Dan Friess 0-0: Ball
1-0: Ball
2-0: Ball
3-0: Base on Balls
Batting: RHB Andres Leon 0-0: Ball
1-0: Called Strike
1-1: Ball
2-1: Foul Ball, location: 2F
2-2: Ball
3-2: Foul Ball, location: 2F
3-2: Strikes out swinging
Batting: RHB Brady Jeleniewski 0-0: Ball
1-0: Ball
2-0: Foul Ball, location: 2F
2-1: Foul Ball, location: 2F
2-2: Ball
3-2: Foul Ball, location: 2F
3-2: Fly out, F8 (Flyball, 8RM, EV 91.2 MPH)
Top of the 3rd over - 0 runs, 0 hits, 0 errors, 1 left on base; Detroit 3 - Minnesota 0
BOTTOM OF THE 3RD
Minnesota Twins batting - Pitching for Detroit Tigers : RHP Aaron Vallejo
Batting: RHB Alex Rodriguez Jr. 0-0: Ball
1-0: SINGLE (Groundball, 6MS, EV 74.4 MPH) (infield hit)
Batting: LHB Harris Vink 0-0: Ball
1-0: Ball
2-0: Ball
3-0: Foul Ball, location: 2F
3-1: Grounds into double play, 4-6-3 (Groundball, 4, EV 96.9 MPH)
Batting: RHB Matt Dunn 0-0: Foul Ball, location: 2F
0-1: Called Strike
0-2: Ball
1-2: Ball
2-2: Ball
3-2: Ground out 4-3 (Groundball, 4, EV 89.4 MPH)
Bottom of the 3rd over - 0 runs, 1 hit, 0 errors, 0 left on base; Detroit 3 - Minnesota 0
TOP OF THE 4TH
Detroit Tigers batting - Pitching for Minnesota Twins : LHP Jim Storer
Batting: LHB Bill Ford 0-0: Ground out 4-3 (Groundball, 4S, EV 92.5 MPH)
Batting: LHB Dave Carlisle 0-0: Ball
1-0: Ball
2-0: Fly out, F8 (Flyball, 89M, EV 92.5 MPH)
Batting: LHB Frank McConnell 0-0: Called Strike
0-1: Ball
1-1: Foul Ball, location: 2F
1-2: Ball
2-2: Fly out, F8 (Flyball, 8LM, EV 94.4 MPH)
Top of the 4th over - 0 runs, 0 hits, 0 errors, 0 left on base; Detroit 3 - Minnesota 0
BOTTOM OF THE 4TH
Minnesota Twins batting - Pitching for Detroit Tigers : RHP Aaron Vallejo
Batting: LHB Per Meulengracht 0-0: Ball
1-0: Foul Ball, location: 2F
1-1: Ground out U3 (Groundball, 3L, EV 85.0 MPH)
Batting: RHB Will Leslie 0-0: Foul Ball, location: 2F
0-1: Called Strike
0-2: Fly out, F9 (Flyball, 9LM, EV 80.0 MPH)
Batting: RHB Miguel Gonzalez 0-0: Ball
1-0: Foul Ball, location: 2F
1-1: Foul Ball, location: 2F
1-2: Strikes out looking
Bottom of the 4th over - 0 runs, 0 hits, 0 errors, 0 left on base; Detroit 3 - Minnesota 0
TOP OF THE 5TH
Detroit Tigers batting - Pitching for Minnesota Twins : LHP Jim Storer
Batting: RHB Sam Saunders 0-0: Called Strike
0-1: Ball
1-1: Called Strike
1-2: Foul Ball, location: 2F
1-2: Strikes out swinging
Batting: RHB Chris Wheatley 0-0: Ball
1-0: Ball
2-0: Called Strike
2-1: Foul Ball, location: 2F
2-2: Hit by Pitch
Batting: RHB Victor Quinones 0-0: Ball
1-0: Ball
2-0: Swinging Strike
2-1: Swinging Strike
2-2: Foul Ball, location: 2F
2-2: Grounds into double play, 5-4-3 (Groundball, 56S, EV 83.1 MPH)
Top of the 5th over - 0 runs, 0 hits, 0 errors, 0 left on base; Detroit 3 - Minnesota 0
BOTTOM OF THE 5TH
Minnesota Twins batting - Pitching for Detroit Tigers : RHP Aaron Vallejo
Batting: RHB Miguel Diaz 0-0: Ball
1-0: Ball
2-0: Swinging Strike
2-1: Called Strike
2-2: Ground out 5-3 (Groundball, 56S, EV 68.8 MPH)
Batting: LHB Ryan Flynn Jr. 0-0: Ground out 4-3 (Groundball, 4S, EV 83.1 MPH)
Batting: LHB Ricardo Batista 0-0: Ball
1-0: Foul Ball, location: 2F
1-1: Foul Ball, location: 2F
1-2: Strikes out looking
Bottom of the 5th over - 0 runs, 0 hits, 0 errors, 0 left on base; Detroit 3 - Minnesota 0
TOP OF THE 6TH
Detroit Tigers batting - Pitching for Minnesota Twins : LHP Jim Storer
Pitching: RHP Kevin Cushman
Batting: RHB Dan Friess 0-0: Swinging Strike
0-1: Ball
1-1: Ground out 1-3 (Groundball, P, EV 68.1 MPH)
Batting: RHB Andres Leon 0-0: Foul Ball, location: 2F
0-1: Ball
1-1: Ball
2-1: Foul Ball, location: 2F
2-2: Ball
3-2: Strikes out swinging
Batting: RHB Brady Jeleniewski 0-0: Called Strike
0-1: Ball
1-1: Ball
2-1: Ball
3-1: Foul Ball, location: 2F
3-2: Foul Ball, location: 2F
3-2: Ground out 6-3 (Groundball, 6S, EV 66.2 MPH)
Top of the 6th over - 0 runs, 0 hits, 0 errors, 0 left on base; Detroit 3 - Minnesota 0
BOTTOM OF THE 6TH
Minnesota Twins batting - Pitching for Detroit Tigers : RHP Aaron Vallejo
Batting: RHB Alex Rodriguez Jr. 0-0: Ball
1-0: Fly out, F9 (Flyball, 89S, EV 80.0 MPH)
Batting: LHB Harris Vink 0-0: Ground out 4-3 (Groundball, 4, EV 105.0 MPH)
Batting: RHB Matt Dunn 0-0: Called Strike
0-1: Ball
1-1: SINGLE (Groundball, 56D, EV 102.5 MPH)
Batting: LHB Per Meulengracht 0-0: Ball
1-0: Ground out 4-3 (Groundball, 4, EV 102.5 MPH)
Bottom of the 6th over - 0 runs, 1 hit, 0 errors, 1 left on base; Detroit 3 - Minnesota 0
TOP OF THE 7TH
Detroit Tigers batting - Pitching for Minnesota Twins : RHP Kevin Cushman
Batting: LHB Bill Ford 0-0: Called Strike
0-1: Fly out, F3 (Line Drive, 3L, EV 69.4 MPH)
Batting: LHB Dave Carlisle 0-0: Called Strike
0-1: Ball
1-1: Fly out, F9 (Line Drive, 9S, EV 89.4 MPH)
Batting: LHB Frank McConnell 0-0: Foul Ball, location: 2F
0-1: Ball
1-1: Ball
2-1: Swinging Strike
2-2: Ball
3-2: SINGLE (Flyball, 6D, EV 90.0 MPH)
Batting: RHB Sam Saunders 0-0: Foul Ball, location: 2F
0-1: Swinging Strike
0-2: Ball
1-2: Fly out, F8 (Flyball, 8LD, EV 94.4 MPH)
Top of the 7th over - 0 runs, 1 hit, 0 errors, 1 left on base; Detroit 3 - Minnesota 0
BOTTOM OF THE 7TH
Minnesota Twins batting - Pitching for Detroit Tigers : RHP Aaron Vallejo
Batting: RHB Will Leslie 0-0: Foul Ball, location: 2F
0-1: Foul Ball, location: 2F
0-2: Ball
1-2: Foul Ball, location: 2F
1-2: Ball
2-2: Ball
3-2: Foul Ball, location: 2F
3-2: Base on Balls
Batting: RHB Miguel Gonzalez 0-0: Called Strike
0-1: Called Strike
0-2: Ball
1-2: Strikes out looking
Batting: RHB Miguel Diaz 0-0: Ball
1-0: Ground out 4-3 (Groundball, 34D, EV 78.8 MPH)
Will Leslie to second
Batting: LHB Ryan Flynn Jr. 0-0: Called Strike
0-1: Ball
1-1: Ball
2-1: Fly out, F9 (Line Drive, 9LM, EV 108.8 MPH)
Bottom of the 7th over - 0 runs, 0 hits, 0 errors, 1 left on base; Detroit 3 - Minnesota 0
TOP OF THE 8TH
Detroit Tigers batting - Pitching for Minnesota Twins : RHP Kevin Cushman
Batting: RHB Chris Wheatley 0-0: Called Strike
0-1: Foul Ball, location: 2F
0-2: Strikes out swinging
Batting: RHB Victor Quinones 0-0: Ball
1-0: Ball
2-0: Called Strike
2-1: Called Strike
2-2: Strikes out looking
Batting: RHB Dan Friess 0-0: Ball
1-0: Called Strike
1-1: Ball
2-1: SINGLE (Groundball, 4M, EV 94.4 MPH)
Batting: RHB Andres Leon 0-0: Ball
1-0: Swinging Strike
1-1: Swinging Strike
1-2: Strikes out swinging
Top of the 8th over - 0 runs, 1 hit, 0 errors, 1 left on base; Detroit 3 - Minnesota 0
BOTTOM OF THE 8TH
Minnesota Twins batting - Pitching for Detroit Tigers : RHP Aaron Vallejo
Batting: LHB Ricardo Batista 0-0: Called Strike
0-1: Ball
1-1: Ball
2-1: Called Strike
2-2: Strikes out looking
Batting: RHB Alex Rodriguez Jr. 0-0: Ball
1-0: Fly out, F9 (Flyball, 9LM, EV 95.0 MPH)
Batting: LHB Harris Vink 0-0: Called Strike
0-1: Swinging Strike
0-2: Ball
1-2: Ball
2-2: Strikes out swinging, 2-3 out at first.
Bottom of the 8th over - 0 runs, 0 hits, 0 errors, 0 left on base; Detroit 3 - Minnesota 0
TOP OF THE 9TH
Detroit Tigers batting - Pitching for Minnesota Twins : RHP Kevin Cushman
Pitching: RHP Tony Ramirez
Batting: RHB Brady Jeleniewski 0-0: Swinging Strike
0-1: Swinging Strike
0-2: Foul Ball, location: 2F
0-2: Strikes out swinging
Batting: LHB Bill Ford 0-0: Ball
1-0: Ball
2-0: Ball
3-0: Base on Balls
Batting: LHB Dave Carlisle 0-0: Ground out 4-3 (Groundball, 34D, EV 108.8 MPH)
Bill Ford to second
Batting: LHB Frank McConnell 0-0: Ball
1-0: Fly out, F8 (Line Drive, 8RD, EV 91.2 MPH)
Top of the 9th over - 0 runs, 0 hits, 0 errors, 1 left on base; Detroit 3 - Minnesota 0
BOTTOM OF THE 9TH
Minnesota Twins batting - Pitching for Detroit Tigers : RHP Aaron Vallejo
Pitching: RHP Bobby Wright
Batting: RHB Matt Dunn 0-0: Ball
1-0: Ball
2-0: Called Strike
2-1: Fly out, F9 (Line Drive, 9S, EV 85.6 MPH)
Batting: LHB Per Meulengracht 0-0: Called Strike
0-1: Ball
1-1: Called Strike
1-2: Reached via error on a dropped throw from 1B, E1 (Groundball, 34, EV 88.8 MPH)
Batting: RHB Will Leslie 0-0: Ball
1-0: Ball
2-0: Swinging Strike
2-1: Foul Ball, location: 2F
2-2: Ball
3-2: Base on Balls
Per Meulengracht to second
Batting: RHB Miguel Gonzalez 0-0: Called Strike
0-1: Swinging Strike
0-2: Ball
1-2: Ball
2-2: Ball
3-2: Base on Balls
Per Meulengracht to third
Will Leslie to second
Batting: RHB Miguel Diaz 0-0: Ball
1-0: Called Strike
1-1: Swinging Strike
1-2: Foul Ball, location: 2F
1-2: Ball
2-2: Foul Ball, location: 2F
2-2: Hit by Pitch
Per Meulengracht scores
Will Leslie to third
Miguel Gonzalez to second
Pitching: RHP Tony Kepp
Batting: LHB Ryan Flynn Jr. 0-0: Foul Ball, location: 2F
0-1: Foul Ball, location: 2F
0-2: Ball
1-2: Foul Ball, location: 2F
1-2: Foul Ball, location: 2F
1-2: Fielders Choice at 2nd, 4-6 (Groundball, 4D, EV 100.0 MPH)
Will Leslie scores
Miguel Gonzalez to third
Batting: LHB Ricardo Batista 0-0: Ball
1-0: Called Strike
1-1: Ball
2-1: Ball
3-1: Called Strike
3-2: Foul Ball, location: 2F
3-2: Fly out, F8 (Flyball, 78M, EV 88.1 MPH)
Bottom of the 9th over - 2 runs, 0 hits, 1 error, 2 left on base; Detroit 3 - Minnesota 2
Sunday, July 16th , 2023 - OOTP Baseball 24.6 Build 69